 Dungeon Crawl Stone Soup version 0.19-a0-1468-ge013c26 (webtiles) character file.

238 Ijustatesigmund the Skirmisher (level 5, -20/48 HPs)
             Began as a Minotaur Fighter on Sept 7, 2016.
             Was an Initiate of Cheibriados.
             Demolished by an ogre
             ... wielding a +0 giant club
              (21 damage)
             ... on level 3 of the Dungeon.
             The game lasted 00:04:29 (2113 turns).

Ijustatesigmund the Skirmisher (Minotaur Fighter)   Turns: 2113, Time: 00:04:29

Health: -20/48     AC:  8    Str: 22    XL:     5   Next: 78%
Magic:  5/5        EV:  7    Int:  6    God:    Cheibriados [......]
Gold:   128        SH:  9    Dex: 11    Spells: 0 memorised, 4 levels left

rFire  . . .     SeeInvis .     a - +0 flail
rCold  . . .     Gourm    .     l - +0 scale mail {MR+}
rNeg   . . .     Faith    .     c - +0 shield
rPois  .         Spirit   .     (helmet restricted)
rElec  .         Dismiss  .     (no cloak)
rCorr  .         Reflect  .     g - +0 pair of gloves
MR     +....     Harm     .     (no boots)
Stlth  ..........               (no amulet)
                                (no ring)
                                (no ring)

@: very slightly contaminated, invisible, very slow
A: retaliatory headbutt, horns 2
a: Bend Time, Renounce Religion


You were on level 3 of the Dungeon.
You worshipped Cheibriados.
Cheibriados was noncommittal.
You were hungry.

You visited 1 branch of the dungeon, and saw 3 of its levels.

You collected 128 gold pieces.

Inventory:

Hand Weapons
 a - a +0 flail (weapon)
Armour
 c - a +0 shield (worn)
 g - a +0 pair of gloves (worn)
 l - a +0 scale mail of magic resistance (worn)
Wands
 i - a wand of flame (16/48)
Scrolls
 b - a scroll of magic mapping {unknown}
 e - a scroll of remove curse
 n - a scroll of identify
Potions
 h - a potion of invisibility
 j - a potion of curing
Comestibles
 f - a bread ration
 k - a meat ration
 m - 2 fruits


   Skills:
 + Level 5.1 Fighting
 + Level 5.1 Maces & Flails
 - Level 4.1 Armour
 - Level 4.2 Shields
 + Level 1.7 Invocations


You had 4 spell levels left.
You didn't know any spells.

Dungeon Overview and Level Annotations

Branches:
Dungeon (3/15)

Altars:
Cheibriados
Dithmenos
Nemelex Xobeh
Qazlal
Vehumet


Innate Abilities, Weirdness & Mutations

You reflexively headbutt those who attack you in melee.
You have a pair of horns on your head.


Message History

You completely miss the ogre. The ogre hits you with a giant club!
You sock the ogre! Your headbutt misses the ogre.
The ogre is moderately wounded.
The ogre hits you with a giant club!
Your shield and scale mail prevent you from hitting the ogre.
The ogre is moderately wounded.
The ogre hits you with a giant club.
You barely miss the ogre.
The ogre is moderately wounded.
The ogre hits you with a giant club!
* * * LOW HITPOINT WARNING * * *
Okay, then.
You fade into invisibility!
The ogre hits you with a giant club.
* * * LOW HITPOINT WARNING * * *
You are very lightly contaminated with residual magic.
You hit the ogre but do no damage.
The ogre is moderately wounded.
The ogre hits you with a giant club!!
You die...

..###.####.## #
#...........####.#
.................#
#####..........#
.......###..##.#
######.# #..##.# #
#.# #..##.# .# #.#
#.....#####.# #.#
#......@O...#
######.#
#.###.###?###
.......# #.# #.#
#.# ######## #.#
#.. ..# #. ......#
## #.##..# #####
#.##... ......
#.##..# ##.##.
#..#


You could see an ogre.

Vanquished Creatures
  Terence (D:2)
  8 gnolls (D:2)
  4 adders
  An ooze (D:2)
  8 worms
  4 dart slugs
  A giant gecko (D:1)
  2 orcs (D:3)
  A ball python (D:1)
  3 giant cockroaches
  7 goblins
  7 hobgoblins
  11 kobolds
  A quokka (D:2)
  2 bats
  3 rats
64 creatures vanquished.

Notes
Turn   | Place    | Note
-------+----------+-------------------------------------------
     0 | D:1      | Ijustatesigmund the Minotaur Fighter began the quest for the Orb.
     0 | D:1      | Reached XP level 1. HP: 19/19 MP: 0/0
   100 | D:1      | Reached XP level 2. HP: 26/27 MP: 1/1
   570 | D:1      | Reached XP level 3. HP: 33/33 MP: 2/2
   958 | D:2      | Found a stormy altar of Qazlal.
   964 | D:2      | Found a sparkling altar of Nemelex Xobeh.
   967 | D:2      | Found a radiant altar of Vehumet.
   986 | D:2      | Reached XP level 4. HP: 34/40 MP: 3/3
  1195 | D:2      | Found a snail-covered altar of Cheibriados.
  1315 | D:2      | Became a worshipper of Cheibriados the Contemplative
  1442 | D:2      | Noticed Terence
  1458 | D:2      | Killed Terence
  1458 | D:2      | Reached XP level 5. HP: 35/47 MP: 4/4
  1568 | D:2      | Reached skill level 1 in Invocations
  1583 | D:2      | Found a shadowy altar of Dithmenos.
  1626 | D:2      | Reached skill level 5 in Fighting
  1999 | D:3      | Reached skill level 5 in Maces & Flails
  2100 | D:3      | Noticed an ogre
  2112 | D:3      | HP: 1/48 [ogre/giant club (3)]
  2113 | D:3      | Demolished by an ogre

Vault maps used:
D:1:      dpeg_arrival_houses_and_road, roderic_lattice_a, minmay_misc_feat_chi
D:2:      overflow_temple_1_default, grunt_temple_overflow_open, uniq_terence
D:3:      nrook_mini_vaults, uniq_iyjb

Skill      XL: |  1  2  3  4  5 |
---------------+----------------+-----
Maces & Flails | 3 4 5 |  5.1
Fighting       | 4 5 |  5.1
Shields        | 4 |  4.2
Armour         | 4 |  4.1
Invocations    | 1 |  1.7

Action                   |  1- 3 |  4- 6 || total
-------------------------+-------+-------++-------
Melee: Flail             |    76 |    91 ||   167
       Headbutt          |    11 |    18 ||    29
  Use: Scroll            |     4 |     2 ||     6
       Potion            |       |     2 ||     2
  Eat: Chunk             |       |     4 ||     4
Armor: Scale mail        |    32 |    22 ||    54
Dodge: Dodged            |    32 |    17 ||    49
Block: Shield            |    34 |    38 ||    72
